 Dungeon Crawl Stone Soup version 0.23.2-40-g277498a (webtiles) character file.

Game seed: 15640571161732415563

120 zhovat1 the Conjurer (level 4, -5/25 HPs)
             Began as a Deep Elf Conjurer on Aug 15, 2019.
             Killed from afar by an orc wizard (8 damage)
             ... with a puff of flame
             ... on level 3 of the Dungeon.
             The game lasted 00:02:54 (1871 turns).

zhovat1 the Conjurer (Deep Elf Conjurer)            Turns: 1871, Time: 00:02:55

Health: -5/25      AC:  3    Str:  5    XL:     4   Next: 75%
Magic:  1/12       EV: 29    Int: 21    God:
Gold:   117        SH:  0    Dex: 15    Spells: 4/11 levels left

rFire    . . .     SeeInvis .   b - +0 short sword
rCold    . . .     Gourm    .   (no shield)
rNeg     . . .     Faith    .   a - +1 robe
rPois    .         Spirit   .   (no helmet)
rElec    .         Reflect  .   (no cloak)
rCorr    .         Harm     .   (no gloves)
MR       .....                  (no boots)
Stlth    +.........             f - amulet of the acrobat
HPRegen  0.08/turn              (no ring)
MPRegen  0.13/turn              (no ring)

@: confused, acrobat
A: no striking features
a: no special abilities


You were on level 3 of the Dungeon.
You were not hungry.

You visited 1 branch of the dungeon, and saw 3 of its levels.

You collected 117 gold pieces.

Inventory:

Hand Weapons
 b - a +0 short sword (weapon)
Armour
 a - a +1 robe (worn)
Jewellery
 d - an uncursed ring of ice {unknown}
 f - an amulet of the acrobat (around neck)
 h - an uncursed amulet of magic regeneration {unknown}
Scrolls
 l - a scroll of identify
Potions
 e - a potion of curing
 g - a potion of brilliance {unknown}
 i - a potion of cancellation {unknown}
 j - 2 potions of heal wounds {unknown}
 k - 2 potions of might {unknown}
Comestibles
 c - 5 rations


   Skills:
 + Level 1.5 Fighting
 + Level 3.7 Dodging
 - Level 2.4 Stealth
 + Level 4.2 Spellcasting
 + Level 5.0 Conjurations


You had 4 spell levels left.
You knew the following spells:

 Your Spells              Type           Power        Failure   Level  Hunger
a - Magic Dart            Conj           ####         1%          1    None
b - Searing Ray           Conj           ####..       2%          2    #......
c - Iskenderun's Mystic   Conj           ####....     14%         4    ####...

Your spell library contained the following spells:

 Spells                   Type           Power        Failure   Level  Hunger
 Dazzling Spray           Conj/Hex       ###...       12%         3    ###....
 Force Lance              Conj/Tloc      ###.....     38%         4    ####...
 Fulminant Prism          Conj/Hex       ###.......   38%         4    ####...


Dungeon Overview and Level Annotations

Branches:
Dungeon (3/15)

Altars:
The Shining One


Message History

The orc shouts!
The orc priest mumbles some strange prayers to Beogh against you.
Beogh smites you!
* * * LOW HITPOINT WARNING * * *
An orc wizard comes into view. It is wielding a +0 dagger.
The orc wizard points at you and mumbles some strange words.
You are confused.
You hear some strange, mumbled words.
Something tries to affect you, but you resist.
The orc wizard gestures at you while chanting.
The puff of flame misses you. The orc completely misses you.
You hit the orc.
The orc is severely wounded.
The orc closely misses you.
The orc wizard gestures wildly while chanting.
The orc wizard flickers and vanishes!
You hear some strange, mumbled words.
A puff of flame appears from out of thin air!
The puff of flame hits you!
You die...

##..#....###.........
..#................#
.....######.........#
..#...#####.......[.#
#.........##.........#
##........##.........#
.#.#...##..#.........#
.#.#.........).......#
o..##.........o.@...#
g.. #....{.........##
o.. #...........####
... ###...#####g#
..g######..# ##g#
#..........###.o#
#.......go..##.##
#........##)...#
.........###..##


You could see an orc priest, 2 gnolls and an orc.

Vanquished Creatures
  Jessica (D:2)
  A gnoll (D:3)
  4 adders
  2 oozes
  A worm (D:2)
  A dart slug (D:2)
  A leopard gecko (D:1)
  An orc (D:3)
  2 giant cockroaches
  10 hobgoblins
  6 kobolds
  2 bats (D:1)
  2 frilled lizards (D:1)
  A goblin (D:2)
  A rat (D:1)
36 creatures vanquished.

Notes
Turn   | Place    | Note
-------+----------+-------------------------------------------
     0 | D:1      | zhovat1 the Deep Elf Conjurer began the quest for the Orb.
     0 | D:1      | Reached XP level 1. HP: 10/10 MP: 6/6
   159 | D:1      | Found a glowing golden altar of the Shining One.
   226 | D:1      | Reached XP level 2. HP: 16/16 MP: 0/8
   764 | D:2      | Noticed Jessica
   968 | D:2      | Killed Jessica
   968 | D:2      | Reached skill level 1 in Fighting
   968 | D:2      | Reached XP level 3. HP: 15/20 MP: 6/10
  1005 | D:2      | Learned a level 2 spell: Searing Ray
  1199 | D:2      | Reached XP level 4. HP: 25/25 MP: 5/11
  1376 | D:2      | Learned a level 4 spell: Iskenderun's Mystic Blast
  1719 | D:3      | Reached skill level 5 in Conjurations
  1871 | D:3      | Killed from afar by an orc wizard

Skill      XL: |  1  2  3  4 |
---------------+-------------+-----
Fighting       | 1 |  1.5
Dodging        | 3 |  3.7
Spellcasting   | 4 |  4.2
Conjurations   | 5 |  5.0
Stealth        | |  2.4

Action                   |  1- 3 |  4- 6 || total
-------------------------+-------+-------++-------
Melee: Short sword       |       |     1 ||     1
 Cast: Magic Dart        |    47 |    41 ||    88
       Searing Ray       |     1 |       ||     1
       Iskenderun's Myst |       |     1 ||     1
  Use: Scroll            |     2 |     2 ||     4
       Potion            |       |     1 ||     1
  Eat: Chunk             |       |     3 ||     3
Armor: Robe              |       |     2 ||     2
Dodge: Dodged            |     2 |    12 ||    14
